 Dungeon Crawl Stone Soup version 0.31.0-9-g3a7656b989 (webtiles) character file.

Game seed: 16736882320743134249

1485 mtoz the Sneak (level 9, -4/53 HPs)
             Began as a Kobold Brigand on Jan 24, 2024.
             Was a Believer of Makhleb.
             Succumbed to a kobold brigand's poison
             ... on level 6 of the Dungeon.
             The game lasted 00:37:13 (7037 turns).

mtoz the Sneak (Kobold Brigand)                     Turns: 7037, Time: 00:37:14

Health: -4/53      AC: 18    Str: 13    XL:     9   Next: 7%
Magic:  11/11      EV: 13    Int: 12    God:    Makhleb [**....]
Gold:   344        SH:  0    Dex: 16    Spells: 8/8 levels left

rFire   + . .        r - +2 dagger (holy)
rCold   . . .        (no shield)
rNeg    . . .        l - +2 scale mail {rF+}
rPois   .            n - +2 hat
rElec   .            c - +1 cloak
rCorr   .            v - +0 pair of gloves
SInv    .            (no boots)
Will    .....        (no amulet)
Stlth   +++          b - +4 ring of protection
HPRegen 0.28/turn    (no ring)
MPRegen 0.12/turn

%: no passive effects
@: mighty, brilliant, lethally poisoned (-4 -> -44)
A: small, no large weapons, nightstalker 3
a: Renounce Religion, Minor Destruction


You were on level 6 of the Dungeon.
You worshipped Makhleb.
Makhleb was pleased with you.
You visited 1 branch of the dungeon, and saw 6 of its levels.

You collected 344 gold pieces.

Inventory:

Hand Weapons
 a - a +2 dagger
 r - a +2 dagger of holy wrath (weapon)
 x - a +0 trident
Missiles
 e - 2 curare-tipped darts
 m - 34 stones
Armour
 c - a +1 cloak (worn)
 g - a +0 leather armour
 h - a +0 ring mail
 l - a +2 scale mail of fire resistance (worn)
 n - a +2 hat (worn)
 o - an orb of energy
 v - a +0 pair of gloves (worn)
 w - a scarf of resistance
Magical Staves
 j - a staff of cold
Jewellery
 b - a +4 ring of protection (left hand)
 t - a ring of magical power
Wands
 f - a wand of mindburst (2)
Scrolls
 i - a scroll of vulnerability
 k - a scroll of identify
 s - a scroll of amnesia
 u - a scroll of revelation


   Skills:
 + Level 4.9 Fighting
 + Level 6.0 Short Blades
 + Level 4.9 Throwing
 + Level 3.0 Armour
 + Level 4.7 Dodging
 + Level 7.7 Stealth
 + Level 2.7 Invocations
 + Level 2.9 Evocations


You had 8 spell levels left.
You didn't know any spells.
Your spell library contained the following spells:

 Spells                   Type           Power      Damage    Failure   Level
 Kiss of Death            Conj/Necr      0%         2d5       83%         1
 Ensorcelled Hibernation  Hex/Ice        0%         N/A       92%         2
 Call Canine Familiar     Summ           0%         N/A       99%         3
 Confusing Touch          Hex            0%         N/A       99%         3
 Passwall                 Erth           0%         N/A       99%         3
 Sigil of Binding         Hex            0%         N/A       99%         3
 Swiftness                Air            0%         N/A       99%         3
 Brom's Barrelling Bould  Conj/Erth      0%         2d3       100%        4
 Dimensional Bullseye     Hex/Tloc       0%         N/A       100%        4
 Dispel Undead            Necr           0%         3d6       100%        4
 Fireball                 Conj/Fire      0%         3d3       100%        5
 Iskenderun's Battlesphe  Conj           0%         2d6       100%        5
 Conjure Ball Lightning   Conj/Air       0%         3x3d6     100%        6
 Orb of Destruction       Conj           0%         9d5       100%        7


Dungeon Overview and Level Annotations

Branches:
Dungeon (6/15)             Temple (0/1) D:5

Altars:
Makhleb
Okawaru
Trog
Vehumet
The Shining One

Shops:
D:2 *=


Innate Abilities, Weirdness & Mutations

You are small and have problems with some larger weapons.
You are completely attuned to the shadows.


Message History

The kobold brigand hits you with a +1 whip of venom.
You are more poisoned.
Aiming: Mindburst
Press: ? - help, Shift-Dir - straight line, f - kobold brigand
Aim: a kobold brigand, wielding a +1 whip of venom, wearing an amulet of the acrobat and quivering poisoned darts (chance to affect: 76%)
The kobold brigand's mind is blasted!!
You feel very sick.
The kobold brigand hits you but does no damage.
You hit the kobold brigand but do no damage.
The kobold brigand is almost dead.
You feel very sick. The kobold brigand closely misses you.
You hit the kobold brigand but do no damage.
The kobold brigand is almost dead.
You feel very sick.
You barely miss the kobold brigand. You punch the kobold brigand.
The kobold brigand is almost dead.
You feel sick.
The kobold brigand hits you but does no damage.
You are more poisoned.
You hit the kobold brigand.
The kobold brigand is almost dead.
You feel very sick.
The kobold brigand hits you but does no damage.
You are lethally poisoned!
You completely miss the kobold brigand.
The kobold brigand is almost dead.
* * * LOW HITPOINT WARNING * * *
You feel very sick.
The kobold brigand hits you but does no damage.
You are more poisoned.
It was a potion of might.
You feel very mighty all of a sudden.
* * * LOW HITPOINT WARNING * * *
You feel very sick.
The kobold brigand hits you with a +1 whip of venom.
* * * LOW HITPOINT WARNING * * *
You are more poisoned.
You feel clever all of a sudden.
You die...

)### .. .(.. ..≈
#### ....##..≈
.... #......≈ ....
#(...≈≈.≈§.§......
#K...≈§.≈§........
#@##.≈...≈........
#(##.≈.8.≈......
#.##............
#...##.##........
#.####.###........
#........'........
##########........
##...#### #...#


You could see a kobold brigand.

Vanquished Creatures
  Pikel (D:4)
  Grinder (D:3)
  An orc warrior (D:6)
  An ogre (D:4)
  A centaur (D:6)
  4 lemures (D:4)
  A phantom (D:5)
  A scorpion (D:6)
  A bombardier beetle (D:4)
  3 hounds (D:4)
  2 jellies (D:5)
  An orc priest (D:6)
  2 iguanas
  Ijyb (D:3)
  5 adders
  2 ufetubi (D:5)
  3 ribbon worms
  4 dart slugs
  3 orcs
  11 endoplasms
  A giant cockroach (D:2)
  4 goblins
  3 hobgoblins
  3 quokkas
  5 ball pythons
  4 bats
  2 frilled lizards
  11 kobolds
  3 rats
85 creatures vanquished.

Notes
Turn   | Place    | Note
-------+----------+-------------------------------------------
     0 | D:1      | mtoz the Kobold Brigand began the quest for the Orb.
     0 | D:1      | Reached XP level 1. HP: 12/12 MP: 1/1
   134 | D:1      | Reached XP level 2. HP: 18/18 MP: 2/2
  1235 | D:2      | Reached XP level 3. HP: 17/22 MP: 3/3
  1505 | D:2      | Found an iron altar of Okawaru.
  1571 | D:2      | Found Pafosed's General Store.
  1926 | D:2      | Found a faded altar of an unknown god.
  1930 | D:2      | Prayed at the altar of an unknown god.
  1930 | D:2      | Became a worshipper of Makhleb the Destroyer
  1930 | D:2      | Reached * piety under Makhleb
  2409 | D:2      | Found Qufu's Jewellery Boutique.
  2681 | D:3      | Reached XP level 4. HP: 27/27 MP: 4/4
  2830 | D:3      | Noticed Ijyb
  2842 | D:3      | Killed Ijyb
  3101 | D:3      | Noticed Grinder
  3117 | D:3      | HP: 1/27 [Grinder (5)]
  3127 | D:3      | Paralysed by Grinder for 4 turns
  3132 | D:3      | Killed Grinder
  3133 | D:3      | Reached skill level 1 in Armour
  3133 | D:3      | Reached skill level 6 in Stealth
  3133 | D:3      | Reached XP level 5. HP: 18/32 MP: 5/5
  3133 | D:3      | Reached XP level 6. HP: 21/37 MP: 6/6
  3505 | D:3      | Found a glowing golden altar of the Shining One.
  4120 | D:4      | Found a burning altar of Makhleb.
  4122 | D:4      | Noticed a green death
  4279 | D:4      | Reached XP level 7. HP: 34/42 MP: 7/7
  4674 | D:4      | Noticed Pikel
  5130 | D:4      | Killed Pikel
  5131 | D:4      | Reached skill level 5 in Short Blades
  5131 | D:4      | Reached skill level 7 in Stealth
  5131 | D:4      | Reached skill level 1 in Invocations
  5131 | D:4      | Reached XP level 8. HP: 48/48 MP: 7/9
  5457 | D:5      | Entered Level 5 of the Dungeon
  5527 | D:5      | Found a staircase to the Ecumenical Temple.
  6344 | D:5      | Found a bloodstained altar of Trog.
  6349 | D:5      | Found a radiant altar of Vehumet.
  6857 | D:6      | Reached ** piety under Makhleb
  6858 | D:6      | Reached XP level 9. HP: 35/53 MP: 10/10
  7037 | D:6      | Succumbed to a kobold brigand's poison

Illustrated notes

Levels and vault maps discovered:
D:1:      dpeg_arrival_solitude, layout_basic
D:2:      layout_basic, basic_altar, hellmonk_ecumenical_altar_inner_sanctum,
          serial_shops, nicolae_shop_window_shopping, shop
D:3:      layout_basic, nicolae_tso_carved_into_rock, serial_aquarium,
          aquarium_bridge_straight [aquarium_subvault_bridge,
          aquarium_subvault_window, aquarium_subvault_bridge,
          aquarium_subvault_wall], aquarium_window_1, aquarium_window_2,
          aquarium_view_2e, aquarium_balcony_1b, kennysheep_decorative_pillar,
          uniq_ijyb, uniq_grinder
D:4:      layout_basic, makhleb_altar_promises_db, minmay_increasing_density,
          uniq_pikel
D:5:      layout_loops_cross, minitemple, minmay_temple_entry_tees,
          serial_glass, glass_columns_a, glass_columns_b,
          amcnicky_mini_corridor_feature, minmay_misc_feat_iff
D:6:      layout_basic, mainiacjoe_overflow_catwalk, nicolae_shop_firing_range

Skill      XL: |  1  2  3  4  5  6  7  8  9 |
---------------+----------------------------+-----
Short Blades   | 3 4 5 6 |  6.0
Dodging        | 2 3 4 |  4.7
Fighting       | 3 4 |  4.9
Throwing       | 3 4 |  4.9
Armour         | 1 2 3 |  3.0
Stealth        | 6 7 |  7.7
Invocations    | 1 2 |  2.7
Evocations     | 2 |  2.9

Action                     |  1- 3 |  4- 6 |  7- 9 || total
---------------------------+-------+-------+-------++-------
  Melee: Dagger            |    63 |    56 |   199 ||   318
         Punch             |     1 |     1 |     1 ||     3
  Throw: Dart              |    58 |    29 |    37 ||   124
         Stone             |       |       |    10 ||    10
  Evoke: Wand              |       |     3 |    33 ||    36
    Use: Potion            |     2 |     2 |     6 ||    10
         Scroll            |     2 |     3 |     6 ||    11
   Stab: Sleeping          |     1 |     2 |     4 ||     7
 Armour: Robe              |     6 |       |       ||     6
         Leather armour    |     6 |     4 |       ||    10
         Ring mail         |       |    24 |       ||    24
         Scale mail        |       |    13 |   111 ||   124
  Dodge: Dodged            |    37 |    24 |   111 ||   172
